 Dungeon Crawl Stone Soup version 0.27-a0-1442-g87b6fcb595 (webtiles) character file.

Game seed: 11818664522322697032

219 hatdisgam the Digger (level 6, -4/41 HPs)
             Began as a Formicid Earth Elementalist on July 5, 2021.
             Slain by a hobgoblin (9 damage)
             ... on level 2 of the Dungeon.
             The game lasted 00:03:18 (3061 turns).

hatdisgam the Digger (Formicid Earth Elementalist)  Turns: 3061, Time: 00:03:18

Health: -4/41      AC:  2    Str: 12    XL:     6   Next: 18%
Magic:  10/11      EV: 11    Int: 17    God:
Gold:   139        SH:  3    Dex: 11    Spells: 11/12 levels left

rFire    . . .     SeeInvis +   j - +3 hand axe
rCold    . . .     Faith    .   p - +0 buckler
rNeg     . . .     Spirit   .   b - +0 robe
rPois    .         Reflect  .   (helmet unavailable)
rElec    .         Harm     .   (no cloak)
rCorr    .         Rampage  .   (no gloves)
Will     .....                  (no boots)
Stlth    ++........             (no amulet)
HPRegen  0.13/turn              (no ring)
MPRegen  0.12/turn              (no ring)

@: no status effects
A: permanent stasis, dig shafts and tunnels, antennae 3, four strong arms
a: Dig, Shaft Self


You were on level 2 of the Dungeon.
You visited 1 branch of the dungeon, and saw 4 of its levels.

You collected 139 gold pieces.

Inventory:

Hand Weapons
 a - a +0 whip
 j - a +3 hand axe (weapon)
Missiles
 c - 53 stones
Armour
 b - a +0 robe (worn)
 p - a +0 buckler (worn)
Wands
 q - a wand of paralysis (7)
Scrolls
 f - a scroll of holy word {unknown}
 g - a scroll of vulnerability {unknown}
 k - a scroll of immolation {unknown}
 l - a scroll of magic mapping {unknown}
 m - 4 scrolls of identify {unknown}
Potions
 d - a potion of might {unknown}
 e - 2 potions of attraction {unknown}
 h - a potion of resistance {unknown}
 i - a potion of heal wounds {unknown}
 n - a potion of mutation {unknown}
 o - a potion of invisibility {unknown}


   Skills:
 - Level 1.7 Dodging
 - Level 2.4 Stealth
 + Level 0.4 Shields
 + Level 3.8 Spellcasting
 - Level 1.1 Transmutations
 * Level 6.6 Earth Magic


You had 11 spell levels left.
You knew the following spells:

 Your Spells              Type           Power      Damage    Failure   Level
a - Sandblast             Erth           50%        2d12      1%          1

Your spell library contained the following spells:

 Spells                   Type           Power      Damage    Failure   Level
 Passwall                 Tmut/Erth      13%        N/A       8%          2
 Stone Arrow              Conj/Erth      28%        3d8       19%         3
 Slow                     Hex            3%         N/A       36%         2
 Petrify                  Tmut/Erth      16%        N/A       43%         4
 Confusing Touch          Hex            3%         N/A       58%         3
 Vampiric Draining        Necr           1%         2d6       58%         3


Dungeon Overview and Level Annotations

Branches:
Dungeon (4/15)
 Temple: D:4-7

Altars:

Shops:
D:2 :


Innate Abilities, Weirdness & Mutations

You cannot be hasted, slowed, berserked, paralysed or teleported.
You can dig through walls and to a lower floor.
You have a pair of large antennae on your head. (SInv)
Your four strong arms can wield two-handed weapons with a shield.


Message History

The giant cockroach closely misses you. The hobgoblin barely misses you.
The giant cockroach bites you but does no damage.
The hobgoblin hits you from afar with a +0 trident.
You barely miss the giant cockroach.
The giant cockroach is moderately wounded.
The giant cockroach closely misses you.
The hobgoblin hits you from afar with a +0 trident.
The giant cockroach closely misses you.
You hit the giant cockroach.
The giant cockroach is almost dead.
The hobgoblin barely misses you.
The giant cockroach bites you but does no damage.
You barely miss the giant cockroach.
The giant cockroach is almost dead.
The hobgoblin closely misses you. The giant cockroach closely misses you.
The hobgoblin hits you from afar with a +0 trident!
The giant cockroach closely misses you.
You hit the giant cockroach.
You kill the giant cockroach!
The hobgoblin hits you from afar with a +0 trident.
The hobgoblin misses you.
You see here a giant cockroach corpse.
You hit the hobgoblin.
The hobgoblin is severely wounded.
The hobgoblin hits you with a +0 trident.
You are too injured to fight recklessly!
You are too injured to fight recklessly!
You are too injured to fight recklessly!
You hit the hobgoblin but do no damage.
The hobgoblin is severely wounded.
The hobgoblin hits you with a +0 trident! x2
* * * LOW HITPOINT WARNING * * *
Casting: Sandblast (safe; 1% risk of failure)
Confirm with . or Enter, or press ? or * to list all spells.
Aiming: Sandblast (safe; 1% risk of failure)
Press: ? - help, Shift-Dir - straight line, f - hobgoblin
Aim: a hobgoblin, wielding a +0 trident (severely wounded, 81% to hit)
The blast of sand misses the hobgoblin.
The hobgoblin hits you with a +0 trident!
You die...

#.#### #.# #...≈....#
#>...#######.#####.≈≈....#
#..............##..≈≈.#.##
#....#######.#....#≈≈#..#
#.#.## #.....##≈≈####
#.#.# #####.###≈≈≈ #.#.#
#.# ###≈# #.#.# #.# ##
....# #@# #.### #g# #.#
#.# #.# ... #'# ...


You could see a hobgoblin.

Vanquished Creatures
  A bullfrog (D:4)
  A water moccasin skeleton (D:4)
  A jelly (D:4)
  4 adders
  3 dart slugs
  2 orcs
  2 bats
  An endoplasm (D:1)
  2 giant cockroaches (D:2)
  A goblin (D:1)
  3 hobgoblins
  8 jackals
  4 kobolds
  A quokka (D:1)
  2 ball pythons
  A ball python skeleton (D:2)
  A frilled lizard (D:1)
  A quokka skeleton (D:4)
  3 rats (D:1)
42 creatures vanquished.

Notes
Turn   | Place    | Note
-------+----------+-------------------------------------------
     0 | D:1      | hatdisgam the Formicid Earth Elementalist began the quest
                  | for the Orb.
     0 | D:1      | Reached XP level 1. HP: 13/13 MP: 3/3
   475 | D:1      | Reached skill level 4 in Earth Magic
   475 | D:1      | Reached XP level 2. HP: 10/19 MP: 1/5
  1365 | D:1      | Reached XP level 3. HP: 24/24 MP: 6/6
  1679 | D:2      | Found Peozig's Book Shop.
  1749 | D:2      | You fall into a shaft and drop 2 floors!
  1912 | D:4      | Reached skill level 5 in Earth Magic
  1912 | D:4      | Reached XP level 4. HP: 9/30 MP: 4/8
  2168 | D:4      | Noticed a bullfrog
  2171 | D:4      | Killed a bullfrog
  2172 | D:4      | Reached skill level 6 in Earth Magic
  2172 | D:4      | Reached XP level 5. HP: 35/35 MP: 6/10
  2458 | D:4      | Reached XP level 6. HP: 33/41 MP: 6/11
  3061 | D:2      | Slain by a hobgoblin

Illustrated notes

Levels and vault maps discovered:
D:1:      lemuel_arrival_tunnels, layout_basic
D:2:      layout_loops_ring, serial_shops, shop, serial_undead, serial_undead_a,
          serial_undead_c, serial_undead_d, serial_undead_f,
          hellmonk_ecumenical_altar_inner_sanctum,
          chequers_serial_rivers_small_3, chequers_serial_rivers_marsh
D:3:      layout_basic
D:4:      layout_loops_corners, minmay_temple_entry_proselytizer

Skill      XL: |  1  2  3  4 |
---------------+-------------+-----
Earth Magic    | 4 5 6 |  6.6
Spellcasting   | 3 |  3.8
Dodging        | |  1.7
Stealth        | |  2.4
Shields        | |  0.4
Transmutations | |  1.1

Action                   |  1- 3 |  4- 6 || total
-------------------------+-------+-------++-------
Melee: Whip              |    15 |       ||    15
       Unarmed           |     1 |       ||     1
       Hand axe          |    34 |    41 ||    75
 Cast: Sandblast         |    17 |    12 ||    29
 Stab: Sleeping          |     5 |     1 ||     6
Armor: Robe              |     9 |     8 ||    17
Dodge: Dodged            |    34 |    38 ||    72
Block: Buckler           |       |     1 ||     1

Table legend: (Time is in decaauts)
 A = Elapsed time spent in this place.
 B = Non-inter-level travel time spent in this place.
 C = Inter-level travel time spent in this place.
 D = Time resting spent in this place.
 E = Time spent auto-exploring this place.
 F = Levels seen in this place.
 G = Mean time per level.
                   A        B        C        D        E       F      G
               +--------+--------+--------+--------+--------+-----+--------+
         Total |   3087 |   2975 |    112 |      0 |   2602 |   4 |  771.8 |
       Dungeon |   3087 |   2975 |    112 |      0 |   2602 |   4 |  771.8 |
               +--------+--------+--------+--------+--------+-----+--------+

Top non-repeatable levels by time:
     D:1: 1621 daAuts
     D:4: 1103 daAuts
     D:2: 226 daAuts
     D:3: 136 daAuts
